 Dungeon Crawl Stone Soup version 0.21-a0-59-g7b0e191 (webtiles) character file.

9874 Ijustatesigmund the Covert (level 11, 0/72 HPs)
             Began as an Octopode Assassin on June 16, 2017.
             Was an Elder of Cheibriados.
             Slain by a troll (3 damage)
             ... on level 10 of the Dungeon.
             The game lasted 00:47:50 (11987 turns).

Ijustatesigmund the Covert (Octopode Assassin)     Turns: 11987, Time: 00:47:51

Health: 0/72       AC:  6    Str: 22    XL:     11   Next: 53%
Magic:  0/17       EV: 21    Int: 23    God:    Cheibriados [****..]
Gold:   500        SH:  6    Dex: 25    Spells: 9/13 levels left

rFire    . . .     SeeInvis .   r - +0 scimitar (flame)
rCold    . . .     Gourm    .   u - +0 buckler
rNeg     . . .     Faith    .   (helmet restricted)
rPois    .         Spirit   +   t - amulet of guardian spirit
rElec    .         Reflect  .   m - +5 ring of protection
rCorr    +         Harm     .   s - +4 ring of evasion
MR       .....                  y - ring of resist corrosion (curse)
Stlth    +++++++...             (no ring)
HPRegen  0.22/turn              (no ring)
MPRegen  0.15/turn              (no ring)
                                (no ring)
                                (no ring)

@: very slow
A: almost no armour, stealthy swim, amphibious, 8 rings, constrict 8, tentacle
spike 1, camouflage 1, strong 1, gelatinous body 1
a: Bend Time, Temporal Distortion, Slouch, Renounce Religion


You were on level 10 of the Dungeon.
You worshipped Cheibriados.
Cheibriados was greatly pleased with you.
You were not hungry.

You visited 2 branches of the dungeon, and saw 11 of its levels.
You also visited: Sewer.

You collected 500 gold pieces.

Inventory:

Hand Weapons
 b - a +0 blowgun
 h - a +1 short sword of protection
 i - a +3 rapier
 r - a +0 scimitar of flaming (weapon)
Missiles
 c - 46 poisoned needles
 e - 9 tomahawks (quivered)
 B - 6 curare-tipped needles
Armour
 u - a +0 buckler (worn)
Jewellery
 m - a +5 ring of protection (left tentacle)
 o - an uncursed amulet of the gourmand
 s - a +4 ring of evasion (right tentacle)
 t - an amulet of guardian spirit (around mantle)
 y - a cursed ring of resist corrosion (on tentacle)
Wands
 j - a wand of digging (5/24)
 v - a wand of lightning (4/15)
 C - a wand of confusion (20/48)
 F - a wand of iceblast (11/15)
 H - a wand of paralysis (16/24)
Scrolls
 a - 5 scrolls of remove curse
 k - 2 scrolls of recharging
 l - a scroll of enchant armour
 n - a scroll of fear
 z - a scroll of fog
 G - a scroll of immolation
Potions
 E - a potion of flight
Books
 d - a book of Necromancy

   Spells                             Type                      Level
   a - Pain                           Necromancy                   1
   b - Animate Skeleton               Necromancy                   1
   c - Vampiric Draining              Necromancy                   3
   d - Regeneration                   Charms/Necromancy            3
   e - Animate Dead                   Necromancy                   4
   f - Control Undead                 Necromancy                   4
 p - a book of Maledictions

   Spells                             Type                      Level
   a - Corona                         Hexes                        1
   b - Ensorcelled Hibernation        Hexes/Ice                    2
   c - Confuse                        Hexes                        3
   d - Tukima's Dance                 Hexes                        3
   e - Dazzling Spray                 Conjuration/Hexes            3
 q - a book of Changes

   Spells                             Type                      Level
   a - Beastly Appendage              Transmutation                1
   b - Sticks to Snakes               Transmutation                2
   c - Spider Form                    Transmutation/Poison         3
   d - Ice Form                       Ice/Transmutation            4
   e - Blade Hands                    Transmutation                5
 w - a book of Conjurations

   Spells                             Type                      Level
   a - Magic Dart                     Conjuration                  1
   b - Searing Ray                    Conjuration                  2
   c - Dazzling Spray                 Conjuration/Hexes            3
   d - Fulminant Prism                Conjuration/Hexes            4
   e - Force Lance                    Conjuration/Translocation    4
   f - Iskenderun's Mystic Blast      Conjuration                  4
Comestibles
 f - 6 bread rations
 g - 7 royal jellies
 x - 5 chunks of flesh
 A - 6 meat rations


   Skills:
 - Level 6.2 Fighting
 - Level 6.4 Short Blades
 - Level 6.2 Throwing
 - Level 4.8 Dodging
 - Level 12.0 Stealth
 - Level 4.4 Shields
 + Level 1.9 Spellcasting
 - Level 3.0 Hexes
 - Level 2.9 Ice Magic
 - Level 8.7 Invocations
 + Level 3.7 Evocations


You had 9 spell levels left.
You knew the following spells:

 Your Spells              Type           Power        Failure   Level  Hunger
a - Corona                Hex            ###....      3%          1    #......
b - Ensorcelled Hibernat  Hex/Ice        ###...       6%          2    ##.....
c - Magic Dart            Conj           #...         13%         1    #......


Dungeon Overview and Level Annotations

Branches:
Dungeon (10/15)            Temple (1/1) D:6            Lair (0/6) D:8
    Orc: D:9-12

Altars:
Ashenzari
Cheibriados
Dithmenos
Elyvilon
Fedhas
Gozag
Hepliaklqana
Kikubaaqudgha
Makhleb
Nemelex Xobeh
Okawaru
Qazlal
Ru
Sif Muna
Trog
Uskayaw
Vehumet
Wu Jian
Xom
Yredelemnul
Zin
The Shining One


Innate Abilities, Weirdness & Mutations

You cannot wear most types of armour.
You are very stealthy in the water. (Stealth+)
You are amphibious.
You can wear up to eight rings at the same time.
You can use your tentacles to constrict eight enemies at once.
Your skin changes colour to match your surroundings (Stealth+).
Your rubbery body absorbs attacks. (AC +1, EV +1)
One of your tentacles bears a spike.
Your muscles are strong. (Str +2)


Message History

The six-headed hydra closely misses you.
The six-headed hydra bites you but does no damage.
You block the six-headed hydra's attack.
You don't have enough magic at the moment.
Okay, then.
Okay, then.
Your surroundings suddenly seem different.
A killer bee comes into view.
You see here an arrow.
Okay, then.
Okay, then.
Casting: Ensorcelled Hibernation
Confirm with . or Enter, or press ? or * to list all spells.
Okay, then.
The troll bites you!
* * * LOW HITPOINT WARNING * * *
The troll claws you!
* * * LOW HITPOINT WARNING * * *
The troll claws you.
You die...

.......#.......###.......##
....#..#######........#...##
.......# ####......##..!.#
.......### ...............
.........# ###.........#
##.....[.####..........##
..........).............#..
###.#....##................#
..>......#####.T@...........
.####....# #.)(!....y$.....
.# #....# #.##...#.....(S.
## ##...####D##...y.......(
##...<...##............
####..#####........... #...#
#.#.......$ #..#.#
..##...... ........ ...
...##


You could see a troll and 2 killer bees.

Vanquished Creatures
  Erica (D:8)
  A two-headed ogre (D:9)
  Pikel (D:6)
  A gargoyle (D:10)
  2 trolls
  Prince Ribbit (D:7)
  2 hippogriffs (D:9)
  Sigmund (D:2)
  4 hogs (D:7)
  A wraith (D:9)
  Grum (D:8)
  A human (D:7)
  A hungry ghost (D:7)
  3 wargs (D:8)
  A water moccasin (D:10)
  2 orc warriors
  3 ice beasts
  A slave (D:7)
  2 phantoms
  A black bear (D:9)
  8 ogres
  2 necrophages (D:7)
  4 wolves (D:8)
  2 centaurs
  A crocodile (D:9)
  3 big kobolds
  10 bullfrogs
  2 scorpions
  6 killer bees (D:7)
  4 wights
  A howler monkey (D:9)
  3 crimson imps
  A quasit (D:6)
  A centaur zombie (D:8)
  4 jellies
  12 orc wizards
  2 bullfrog zombies
  2 orc priests
  A gnoll shaman (D:8)
  3 hounds
  3 iguanas
  11 worker ants
  A howler monkey zombie (D:5)
  A worker ant zombie (D:5)
  18 adders
  8 gnolls
  2 river rats (D:5)
  A shadow imp (D:8)
  2 oozes
  2 adder zombies
  2 adder skeletons (D:4)
  6 worms
  2 dart slugs
  6 leopard geckos
  39 orcs
  A ball python (Sewer)
  10 giant cockroaches
  9 goblins
  11 hobgoblins
  16 jackals
  22 kobolds
  3 quokkas
  8 bats
  7 frilled lizards
  A jackal skeleton (D:7)
  A leopard gecko skeleton (D:8)
  A quokka skeleton (D:6)
  A quokka zombie (D:5)
  15 rats
313 creatures vanquished.

Vanquished Creatures (others)
  3 slaves (D:7)
3 creatures vanquished.

Grand Total: 316 creatures vanquished

Notes
Turn   | Place    | Note
-------+----------+-------------------------------------------
     0 | D:1      | Ijustatesigmund the Octopode Assassin began the quest for the Orb.
     0 | D:1      | Reached XP level 1. HP: 14/14 MP: 1/1
   192 | D:1      | Reached XP level 2. HP: 19/19 MP: 2/2
  1002 | D:2      | Reached XP level 3. HP: 21/25 MP: 3/3
  1208 | D:2      | Found a burning altar of Makhleb.
  1217 | D:2      | Reached XP level 4. HP: 10/30 MP: 4/4
  1669 | D:2      | Noticed Sigmund
  1680 | D:2      | Killed Sigmund
  1680 | D:2      | Reached skill level 6 in Stealth
  1680 | D:2      | Reached XP level 5. HP: 28/36 MP: 5/5
  1680 | D:2      | Reached XP level 6. HP: 33/42 MP: 6/6
  2582 | D:3      | Reached skill level 7 in Stealth
  2932 | D:3      | Reached XP level 7. HP: 46/47 MP: 7/7
  3438 | D:4      | Found a stormy altar of Qazlal.
  3729 | D:4      | Found a hide-covered altar of Uskayaw.
  4008 | D:4      | Reached skill level 5 in Throwing
  4008 | D:4      | Reached XP level 8. HP: 24/54 MP: 3/8
  4409 | D:5      | Entered Level 5 of the Dungeon
  4582 | D:5      | Found a glowing drain.
  4591 | Sewer    | Entered a sewer
  5344 | D:5      | Found a bloodstained altar of Trog.
  6135 | D:5      | Reached skill level 8 in Stealth
  6145 | D:6      | Found a staircase to the Ecumenical Temple.
  6175 | Temple   | Entered the Ecumenical Temple
  6332 | Temple   | Became a worshipper of Cheibriados the Contemplative
  6355 | D:6      | Learned a level 1 spell: Corona
  6358 | D:6      | Learned a level 2 spell: Ensorcelled Hibernation
  6394 | D:6      | Found a shattered altar of Ashenzari.
  6541 | D:6      | Reached skill level 1 in Invocations
  6610 | D:6      | Found a white marble altar of Elyvilon.
  6779 | D:6      | Reached skill level 9 in Stealth
  6779 | D:6      | Reached XP level 9. HP: 59/59 MP: 10/10
  6861 | D:6      | Found a glowing golden altar of the Shining One.
  7286 | D:7      | Reached * piety under Cheibriados
  7300 | D:7      | Reached skill level 10 in Stealth
  7442 | D:7      | Noticed Pikel
  7444 | D:7      | Noticed Prince Ribbit
  7474 | D:6      | Killed Pikel
  7474 | D:6      | Reached skill level 5 in Invocations
  7600 | D:7      | Reached skill level 11 in Stealth
  7610 | D:7      | Killed Prince Ribbit
  8100 | D:7      | Reached ** piety under Cheibriados
  8100 | D:7      | Reached XP level 10. HP: 51/64 MP: 11/14
  8177 | D:7      | Reached skill level 12 in Stealth
  8213 | D:7      | Reached skill level 5 in Short Blades
  8220 | D:7      | Reached skill level 5 in Fighting
  8730 | D:8      | Noticed Grum
  8751 | D:8      | Killed Grum
  9014 | D:8      | Got a crude whip
  9015 | D:8      | Identified the +10 whip "Fexaus" {chaos, +Rage +Inv rN+ Str-4} (You found it on level 8 of the Dungeon)
  9031 | D:8      | Gained mutation: One of your tentacles bears a spike. [potion of mutation]
  9031 | D:8      | Gained mutation: Your muscles are strong. (Str +2) [potion of mutation]
  9127 | D:8      | Reached skill level 1 in Hexes
  9296 | D:8      | Reached skill level 1 in Ice Magic
  9398 | D:8      | Noticed Erica
  9485 | D:8      | Killed Erica
  9718 | D:8      | Found a burning altar of Makhleb.
  9760 | D:8      | Reached *** piety under Cheibriados
  9807 | D:8      | Found a staircase to the Lair.
  9821 | D:8      | Learned a level 1 spell: Magic Dart
  9839 | D:8      | Reached XP level 11. HP: 69/72 MP: 15/17
  9868 | D:8      | Found a sacrificial altar of Ru.
 10456 | D:8      | Reached **** piety under Cheibriados
 10616 | D:9      | Noticed a two-headed ogre
 10634 | D:9      | Found an opulent altar of Gozag.
 10679 | D:9      | Reached skill level 1 in Shields
 11231 | D:9      | Found a blossoming altar of Fedhas.
 11429 | D:9      | Killed a two-headed ogre
 11721 | D:10     | Entered Level 10 of the Dungeon
 11736 | D:10     | Reached skill level 1 in Spellcasting
 11973 | D:10     | Noticed a six-headed hydra
 11987 | D:10     | HP: 3/72 [troll (7)]
 11987 | D:10     | Slain by a troll

Vault maps used:
D:1:      dpeg_arrival_ratfight, minmay_misc_feat_pillars, st_stairs_9
D:2:      makhleb_blood_cavern_becter, uniq_sigmund
D:3:      first_bread, serial_park_tiny_pond, kennysheep_generic_room_15
D:4:      grunt_qazlal_clouds, lemuel_doored_altar, serial_bayou,
          serial_bayou_lagoon_b, serial_bayou_ford_a, serial_bayou_pond_b,
          serial_bayou_shore_b
D:5:      lightli_sewer_entry_pipes, trog_book
D:6:      kennysheep_little_box, lemuel_round_altar, minmay_temple_entry_grid,
          evilmike_ruin_ashenzari
D:7:      grunt_livestock, uniq_prince_ribbit1, uniq_pikel
D:8:      nicolae_overflow_hidden_temple, erik_lair_orcish_takeover,
          basic_altar, small_chamber_with_monster, uniq_grum, uniq_erica
D:9:      nicolae_overflow_crystal_walls, fedhas_altar_4, minmay_bent
D:10:     orc_0_dummy, serial_shops, nicolae_shop_stone,
          nicolae_ru_path_of_blood
Temple:   hc_temple_tempest_star
Sewer:    sewer_frog_island_01

Skill      XL: |  1  2  3  4  5  6  7  8  9 10 11 |
---------------+----------------------------------+-----
Fighting       | 3 4 6 |  6.2
Short Blades   | 3 4 6 |  6.4
Throwing       | 3 5 6 |  6.2
Dodging        | 2 4 |  4.8
Stealth        | 6 7 9 11 12 | 12.0
Invocations    | 2 6 8 |  8.7
Hexes          | 2 3 |  3.0
Ice Magic      | 2 |  2.9
Shields        | 4 |  4.4
Evocations     | 3 |  3.7
Spellcasting   | 1 |  1.9

Action                   |  1- 3 |  4- 6 |  7- 9 | 10-12 || total
-------------------------+-------+-------+-------+-------++-------
Melee: Dagger            |    42 |       |       |       ||    42
       Constrict         |    15 |    23 |    73 |    51 ||   162
       Tentacles         |     9 |    14 |    58 |    96 ||   177
       Rapier            |    14 |    86 |   328 |   275 ||   703
       Kick              |       |       |       |   105 ||   105
 Fire: Blowgun           |       |     4 |    19 |    25 ||    48
Throw: Tomahawk          |       |     1 |    20 |    36 ||    57
 Cast: Corona            |       |       |     1 |     5 ||     6
       Ensorcelled Hiber |       |       |       |     6 ||     6
Invok: Bend Time         |       |       |       |     3 ||     3
       Slouch            |       |       |       |     2 ||     2
Evoke: Wand              |       |       |       |     2 ||     2
  Use: Scroll            |     5 |     4 |     2 |    12 ||    23
       Potion            |     2 |     2 |     3 |     7 ||    14
 Stab: Sleeping          |    12 |     4 |    27 |    13 ||    56
       Distracted        |       |       |       |     1 ||     1
       Invisible         |       |       |       |     2 ||     2
  Eat: Chunk             |     1 |     5 |    11 |     5 ||    22
       Fruit             |       |       |     6 |     1 ||     7
       Royal jelly       |       |       |       |     2 ||     2
Armor: Skin              |     8 |     9 |    53 |    38 ||   108
Dodge: Dodged            |    39 |    60 |   224 |   263 ||   586
Block: Buckler           |       |       |       |    51 ||    51
